 Dungeon Crawl Stone Soup version 0.30-a0-414-gcb316572d5 (webtiles) character file.

Game seed: 2364951751218926355

39 sleeves the Insei (level 3, -1/26 HPs)
             Began as a Demonspawn Transmuter on Dec 8, 2022.
             Slain by an adder (2 damage)
             ... on level 2 of the Dungeon.
             The game lasted 00:01:56 (998 turns).

sleeves the Insei (Demonspawn Transmuter)            Turns: 998, Time: 00:01:56

Health: -1/26      AC:  2    Str: 10    XL:     3   Next: 28%
Magic:  6/6        EV: 12    Int: 16    God:
Gold:   45         SH:  0    Dex: 13    Spells: 5/6 levels left

rFire   . . .      SeeInvis .      - Unarmed
rCold   . . .      Faith    .    (no shield)
rNeg    . . .      Spirit   .    a - +0 robe
rPois   .          Reflect  .    (no helmet)
rElec   .          Harm     .    (no cloak)
rCorr   .          Rampage  .    (no gloves)
Will    .....                    (no boots)
Stlth   +.........               e - amulet of magic regeneration
HPRegen 0.24/turn                (no ring)
MPRegen 0.50/turn                (no ring)

@: lethally poisoned (-1 -> -2)
A: powered by pain 1
a: no special abilities


You were on level 2 of the Dungeon.
You visited 1 branch of the dungeon, and saw 2 of its levels.

You collected 45 gold pieces.

Inventory:

Armour
 a - a +0 robe (worn)
Jewellery
 e - an amulet of magic regeneration (around neck)
   (You found it on level 1 of the Dungeon)
Scrolls
 d - 4 scrolls of identify {unknown}
 f - a scroll of silence {unknown}
 h - 2 scrolls of enchant armour {unknown}
 i - a scroll of noise {unknown}
 l - a scroll of vulnerability {unknown}
Potions
 b - a potion of lignification
 c - 2 potions of berserk rage {unknown}
 g - a potion of magic {unknown}
 j - a potion of curing {unknown}
 k - a potion of attraction {unknown}


   Skills:
 - Level 1.0 Fighting
 - Level 1.7 Dodging
 + Level 4.0 Unarmed Combat
 - Level 2.0 Spellcasting
 - Level 1.7 Transmutations


You had 5 spell levels left.
You knew the following spells:

 Your Spells              Type           Power      Damage    Failure   Level
a - Beastly Appendage     Tmut           14%        N/A       10%         1

Your spell library contained the following spells:

 Spells                   Type           Power      Damage    Failure   Level
 Wereblood                Tmut           7%         N/A       16%         2
 Spider Form              Tmut/Pois      4%         N/A       41%         3
 Ice Form                 Ice/Tmut       4%         N/A       82%         4


Dungeon Overview and Level Annotations

Branches:
Dungeon (2/15)

Altars:


Innate Abilities, Weirdness & Mutations

You sometimes gain a little power by taking damage.


Message History

Welcome, sleeves the Demonspawn Transmuter.
Everyone else who sought the Orb of Zot has failed.
Will you be different?
Press ? for a list of commands and other information.
Found a murky pink potion and a leather armour.
Found a staircase leading out of the dungeon.
c - a murky pink potion A bat comes into view.
A bat is nearby!
You grow a pair of large bovine horns.
Your feet morph into talons.
You hit the bat. Your kick misses the bat.
The bat is heavily wounded.
The bat misses you.
You hit the bat but do no damage.
The bat is heavily wounded.
The bat misses you.
You miss the bat.
The bat is heavily wounded.
The bat barely misses you.
No target in view!
The bat misses you.
A bat is nearby!
A bat is nearby!
A bat is nearby!
You hit the bat.
You kill the bat!
No target in view!
No target in view!
Your transformation is almost over.
Magic restored.
Your horns disappear.
Your talons disappear.
d - a scroll labelled VIDEC EFFOC You now have 12 gold pieces.
Found a stone staircase leading down.
e - an amulet of magic regeneration You start putting on your amulet.
You continue putting on your amulet of magic regeneration. x5
You finish putting on your amulet of magic regeneration.
e - an amulet of magic regeneration (around neck)
Found an escape hatch in the floor.
An endoplasm comes into view.
An endoplasm is nearby!
You grow a pair of large bovine horns.
Your feet morph into talons.
The endoplasm quivers.
The endoplasm jiggles.
The endoplasm freezes you.
You are frozen.
You hit the endoplasm. You claw the endoplasm.
The endoplasm is severely wounded.
The endoplasm freezes you.
You are frozen.
You are too injured to fight recklessly!
You are too injured to fight recklessly!
You hit the endoplasm.
You kill the endoplasm!
Your transformation is almost over.
Your horns disappear.
Your talons disappear.
HP restored.
A goblin comes into view. It is wielding a +0 dagger.
A goblin is nearby!
A goblin is nearby!
You grow a pair of large bovine horns.
Your feet morph into talons.
The goblin shouts!
You see here a scroll labelled ZYTITU DEQ CIWN.
The goblin hits you but does no damage.
You hit the goblin. Your kick misses the goblin.
The goblin is heavily wounded.
The goblin barely misses you.
You hit the goblin.
You kill the goblin!
Your transformation is almost over.
Your Unarmed Combat skill increases to level 3!
No target in view!
f - a scroll labelled ZYTITU DEQ CIWN Your horns disappear.
Your talons disappear.
A bat comes into view.
A bat is nearby!
A bat is nearby!
You grow a pair of large bovine horns.
Your feet morph into talons.
The bat hits you. The bat hits you but does no damage.
Your transformation is almost over.
The bat hits you. The bat completely misses you.
A rat comes into view.
The bat hits you. The bat barely misses you.
You hit the bat.
You kill the bat!
The rat bites you but does no damage.
You hit the rat.
You kill the rat!
No target in view!
No target in view!
Your horns disappear.
Your talons disappear.
You see here a bat corpse.
You open the door.
A bat and an endoplasm come into view.
There are monsters nearby!
There are monsters nearby!
The bat hits you but does no damage.
There is an open door here.
You grow a pair of large bovine horns.
Your feet morph into talons.
The bat hits you but does no damage. The bat barely misses you.
You miss the bat.
The endoplasm quivers.
The bat hits you but does no damage.
Your transformation is almost over.
The bat misses you.
Found a fizzy inky potion.
The bat closely misses you.
You hit the endoplasm.
The endoplasm is moderately wounded.
The bat closely misses you. The endoplasm hits you.
You hit the endoplasm but do no damage. You claw the endoplasm.
You kill the endoplasm!
The bat closely misses you.
You completely miss the bat. The bat closely misses you.
Found a leather armour.
The bat hits you but does no damage.
You hit the bat.
You kill the bat!
No target in view!
No target in view!
No target in view!
No target in view!
No target in view!
No target in view!
No target in view!
Your horns disappear.
Your talons disappear.
g - a fizzy inky potion
Found 2 stones.
You see here 2 stones.
A hobgoblin comes into view.
The hobgoblin shouts!
You grow a pair of large bovine horns.
Your feet morph into talons.
You barely miss the hobgoblin. Your kick misses the hobgoblin.
The hobgoblin hits you.
You closely miss the hobgoblin. The hobgoblin hits you.
You barely miss the hobgoblin. You claw the hobgoblin.
You kill the hobgoblin!
You have reached level 2!
Your demonic ancestry asserts itself...
You feel energised by your suffering.
Your transformation is almost over.
A kobold comes into view. It is wielding a +0 whip.
A kobold is nearby!
A kobold is nearby!
A kobold is nearby!
The kobold shouts!
The kobold hits you with a +0 whip.
You are too injured to fight recklessly!
You are too injured to fight recklessly!
You are too injured to fight recklessly!
You are too injured to fight recklessly!
You are too injured to fight recklessly!
You are too injured to fight recklessly!
You are too injured to fight recklessly!
You are too injured to fight recklessly!
You are too injured to fight recklessly!
You are too injured to fight recklessly!
You are too injured to fight recklessly!
You are too injured to fight recklessly!
You hit the kobold. Your kick misses the kobold. You headbutt the kobold.
You kill the kobold!
Things that are here:
a +0 whip; a kobold corpse Your horns disappear.
Your talons disappear.
An endoplasm comes into view.
An endoplasm is nearby!
An endoplasm is nearby!
You grow a pair of large bovine horns.
Your feet morph into talons.
A ball python comes into view.
The ball python hisses angrily.
The endoplasm quivers.
You completely miss the endoplasm. The endoplasm hits you.
You hit the endoplasm.
The endoplasm is moderately wounded.
The endoplasm hits you.
You hit the endoplasm.
You kill the endoplasm!
The ball python misses you. The ball python completely misses you.
You hit the ball python. Your kick misses the ball python.
The ball python is moderately wounded.
The ball python barely misses you. x2
You closely miss the ball python. You claw the ball python.
The ball python is severely wounded.
Your transformation is almost over.
The ball python closely misses you. x2
You hit the ball python.
You kill the ball python!
No target in view!
No target in view!
No target in view!
No target in view!
No target in view!
No target in view!
Your horns disappear.
Your talons disappear.
You see here a ball python corpse.
c - 2 murky pink potions (gained 1)
You open the door.
A kobold comes into view. It is wielding a +0 dagger.
Found a scroll labelled GALOCR QENT.
A kobold is nearby!
A kobold is nearby!
A kobold is nearby! 2 ball pythons and an endoplasm come into view.
Found a scroll labelled KEOLAOBLODETS.
The endoplasm quivers.
There is an open door here.
You grow a pair of large bovine horns.
Your feet morph into talons.
You hit the endoplasm.
The endoplasm is heavily wounded.
The endoplasm closely misses you.
You barely miss the endoplasm. You claw the endoplasm.
The endoplasm is almost dead.
The endoplasm misses you.
You completely miss the endoplasm. Your kick misses the endoplasm.
The endoplasm is severely wounded.
The endoplasm hits you.
Your transformation is almost over.
The ball python closely misses you. The ball python misses you.
You barely miss the ball python. You claw the ball python.
You kill the ball python!
You hit the endoplasm but do no damage. You claw the endoplasm.
You kill the endoplasm!
You see here a ball python corpse.
The kobold closely misses you.
There is an open door here.
You barely miss the kobold. Your kick misses the kobold.
The kobold hits you with a +0 dagger.
You hit the kobold. Your kick misses the kobold.
The kobold is moderately wounded.
The ball python hisses angrily.
The kobold misses you.
You hit the kobold.
You kill the kobold!
Your horns disappear.
Your talons disappear.
You hit the ball python.
You kill the ball python!
No target in view!
No target in view!
No target in view!
No target in view!
No target in view!
No target in view!
No target in view!
No target in view!
Found a whip.
Things that are here:
a +0 dagger; 2 stones; a kobold corpse A dart slug comes into view.
The dart slug launches a dart at you. The slug dart hits you.
A dart slug is nearby!
A dart slug is nearby!
A dart slug is nearby!
You grow a pair of large bovine horns.
Your feet morph into talons.
You hit the dart slug. You claw the dart slug.
The dart slug is severely wounded.
The dart slug launches a dart at you. The slug dart misses you.
You hit the dart slug but do no damage. Your headbutt misses the dart slug.
The dart slug is severely wounded.
Your transformation is almost over.
The dart slug barely misses you.
You hit the dart slug.
The dart slug is almost dead.
The dart slug misses you.
You hit the dart slug but do no damage. You claw the dart slug.
You kill the dart slug!
No target in view!
h - a scroll labelled KEOLAOBLODETS
i - a scroll labelled GALOCR QENT Your horns disappear.
Your talons disappear.
d - 2 scrolls labelled VIDEC EFFOC (gained 1)
You open the door.
There is an open door here.
j - a silvery potion You open the door.
There is an open door here.
Found a mace.
Found a stone staircase leading down.
You see here a +0 mace.
There is a stone staircase leading down here.
Found a ring mail.
h - 2 scrolls labelled KEOLAOBLODETS (gained 1)
There is a stone staircase leading down here.
You see here a +0 mace.
A ball python comes into view.
A ball python is nearby!
You grow a pair of large bovine horns.
Your feet morph into talons.
The ball python bites you. The ball python barely misses you.
You closely miss the ball python. Your kick misses the ball python.
The ball python bites you but does no damage.
The ball python barely misses you.
You hit the ball python.
You kill the ball python!
No target in view!
No target in view!
Your transformation is almost over.
You see here a ball python corpse.
Found a robe.
Found a faded altar of an unknown god.
Your horns disappear.
Your talons disappear.
You now have 21 gold pieces (gained 9).
A giant cockroach comes into view.
Found a murky coppery potion.
A giant cockroach is nearby!
A giant cockroach is nearby!
You grow a pair of large bovine horns.
Your feet morph into talons.
The giant cockroach bites you.
You hit the giant cockroach but do no damage.
The giant cockroach bites you but does no damage.
You hit the giant cockroach. You claw the giant cockroach.
You kill the giant cockroach!
No target in view!
Your transformation is almost over.
k - a murky coppery potion Your horns disappear.
Your talons disappear.
You see here a ball python corpse.
As you open the door, it creaks loudly!
A hobgoblin comes into view.
The hobgoblin shouts!
A hobgoblin is nearby!
You grow a pair of large bovine horns.
Your feet morph into talons.
A bat comes into view.
A ball python comes into view.
The hobgoblin closely misses you.
An endoplasm comes into view.
There is an open door here.
You hit the hobgoblin. Your kick misses the hobgoblin.
You headbutt the hobgoblin, but do no damage.
You punch the hobgoblin.
You kill the hobgoblin!
The bat hits you but does no damage. The bat misses you.
The bat attacks as you move away! The bat closely misses you.
The bat misses you. The bat barely misses you.
You hit the bat. You claw the bat, but do no damage. You headbutt the bat.
You kill the bat!
You barely miss the ball python.
You claw the ball python, but do no damage.
The ball python bites you. The ball python misses you.
You closely miss the ball python.
Your horns disappear.
Your talons disappear.
The ball python bites you. The ball python barely misses you.
You hit the ball python.
The ball python is severely wounded.
The ball python bites you. The ball python closely misses you.
You punch the ball python!
You kill the ball python!
You punch the endoplasm!
You kill the endoplasm!
No target in view!
No target in view!
No target in view!
No target in view!
You see here a bat corpse.
There is an open door here.
You see here a hobgoblin corpse.
Found a stone staircase leading down.
You now have 32 gold pieces (gained 11).
You open the door.
A rat and a ball python come into view.
There are monsters nearby!
You grow a pair of large bovine horns.
Your feet morph into talons.
You hit the rat but do no damage. You headbutt the rat.
You kill the rat!
You hit the ball python.
You kill the ball python!
You have reached level 3!
Your experience leads to an increase in your attributes!
Increase (S)trength, (I)ntelligence, or (D)exterity?
You feel clever. x2
There is an open door here.
You see here a rat corpse.
Your transformation is almost over.
A hobgoblin comes into view.
The hobgoblin shouts!
A hobgoblin is nearby!
Okay, then.
You extend your transformation's duration.
A bat comes into view.
An endoplasm comes into view.
The bat hits you but does no damage.
The endoplasm quivers.
You hit the bat.
You kill the bat!
The endoplasm jiggles.
You hit the hobgoblin.
The hobgoblin is moderately wounded.
The hobgoblin closely misses you.
You barely miss the hobgoblin.
You claw the hobgoblin, but do no damage.
You hit the hobgoblin. Your headbutt misses the hobgoblin.
The hobgoblin is heavily wounded.
The hobgoblin misses you.
You closely miss the hobgoblin.
The hobgoblin is heavily wounded.
The hobgoblin misses you.
You barely miss the hobgoblin. You headbutt the hobgoblin.
The hobgoblin is severely wounded.
Your transformation is almost over.
The hobgoblin hits you.
You hit the hobgoblin.
You kill the hobgoblin!
You hit the endoplasm.
You claw the endoplasm, but do no damage.
The endoplasm is severely wounded.
The endoplasm closely misses you.
You hit the endoplasm but do no damage. Your kick misses the endoplasm.
The endoplasm is severely wounded.
The endoplasm freezes you.
You are frozen.
You hit the endoplasm.
You kill the endoplasm!
No target in view!
No target in view!
No target in view!
No target in view!
No target in view!
No target in view!
A rat comes into view.
A rat is nearby!
A rat is nearby!
A rat is nearby!
Your horns disappear.
Your talons disappear.
No target in view!
No target in view!
No target in view!
No target in view!
No target in view!
No target in view!
No target in view!
No target in view!
No target in view!
No target in view!
Things that are here:
a hobgoblin corpse; a bat corpse A rat is nearby!
The rat bites you.
You hit the rat.
You kill the rat!
No target in view!
No target in view!
No target in view!
No target in view!
No target in view!
No target in view!
No target in view!
No target in view!
A quokka comes into view.
A quokka is nearby!
A quokka is nearby!
You grow a pair of large bovine horns.
Your feet morph into talons.
You hit the quokka. Your kick misses the quokka.
Your headbutt misses the quokka. Your punch misses the quokka.
The quokka is moderately wounded.
The quokka misses you. The quokka bites you.
You closely miss the quokka. You claw the quokka, but do no damage.
The quokka is moderately wounded.
The quokka closely misses you.
You hit the quokka but do no damage. You claw the quokka.
You kill the quokka!
No target in view!
No target in view!
No target in view!
No target in view!
No target in view!
Your transformation is almost over.
Your horns disappear.
Your talons disappear.
A ball python comes into view.
A ball python is nearby!
A ball python is nearby!
You grow a pair of large bovine horns.
Your feet morph into talons.
Your transformation is almost over.
The ball python bites you. The ball python barely misses you. x2
The ball python grabs you. The ball python constricts you.
You hit the ball python. You claw the ball python.
You kill the ball python!
Your Unarmed Combat skill increases to level 4!
No target in view!
No target in view!
No target in view!
No target in view!
No target in view!
No target in view!
No target in view!
No target in view!
Your horns disappear.
Your talons disappear.
As you open the door, it creaks loudly!
There is an open door here.
You open the door.
Found a leather armour and a robe.
There is an open door here.
No target in view!
You see here a +0 leather armour.
You see here a +0 leather armour.
There is an open door here.
You now have 45 gold pieces (gained 13).
A frilled lizard comes into view.
You grow a pair of large bovine horns.
Your feet morph into talons.
The frilled lizard barely misses you.
You barely miss the frilled lizard. The frilled lizard barely misses you.
You closely miss the frilled lizard. The frilled lizard barely misses you.
You hit the frilled lizard.
You kill the frilled lizard!
No target in view!
No target in view!
No target in view!
No target in view!
No target in view!
No target in view!
Your transformation is almost over.
Your horns disappear.
Your talons disappear.
Things that are here:
a hobgoblin corpse; a bat corpse
Things that are here:
a hobgoblin corpse; a bat corpse You see here a hobgoblin skeleton.
There is an open door here.
There is an open door here.
Key pressed, stopping explore.
You see here a +0 leather armour.
d - 3 scrolls labelled VIDEC EFFOC (gained 1) Done exploring.
Done exploring.
No target in view!
No target in view!
You grow a pair of large bovine horns.
Your feet morph into talons.
(D) Dungeon
Where to? (? - help)
Your transformation is almost over.
You see here a +0 leather armour.
Your horns disappear.
Your talons disappear.
There is an open door here.
There is a stone staircase leading down here.
You climb downwards.
The hobgoblin shouts!
Found a scroll labelled VIDEC EFFOC.
There is a stone staircase leading up here.
A hobgoblin is nearby!
A hobgoblin is nearby!
A hobgoblin is nearby!
You grow a pair of large bovine horns.
Your feet morph into talons.
Your transformation is almost over.
A hobgoblin comes into view.
The hobgoblin shouts!
You hit the hobgoblin. Your kick misses the hobgoblin.
The hobgoblin is heavily wounded.
You hit the hobgoblin.
You kill the hobgoblin!
You see here a hobgoblin corpse.
You hit the hobgoblin. You claw the hobgoblin.
You kill the hobgoblin!
No target in view!
No target in view!
No target in view!
No target in view!
Your horns disappear.
Your talons disappear.
d - 4 scrolls labelled VIDEC EFFOC (gained 1)
l - a scroll labelled GIRUKE QANKI FAJ An adder comes into view.
An adder is nearby!
You grow a pair of large bovine horns.
Your feet morph into talons.
You closely miss the adder. Your headbutt misses the adder.
The adder closely misses you.
You hit the adder. Your headbutt misses the adder.
The adder is lightly wounded.
The adder closely misses you.
You miss the adder.
The adder is lightly wounded.
The adder closely misses you.
You closely miss the adder. You claw the adder. Your headbutt misses the adder.
The adder is heavily wounded.
The adder barely misses you. x2
You miss the adder. Your kick misses the adder.
The adder is heavily wounded.
The adder barely misses you.
You closely miss the adder. Your kick misses the adder.
The adder is heavily wounded.
Your transformation is almost over.
The adder barely misses you.
You hit the adder.
The adder is heavily wounded.
The adder bites you but does no damage.
You closely miss the adder.
The adder is heavily wounded.
The adder closely misses you. The adder bites you.
You are poisoned.
The adder poisons you!
You closely miss the adder.
The adder is heavily wounded.
You feel sick. The adder closely misses you.
You hit the adder but do no damage.
The adder is heavily wounded.
You feel sick. The adder bites you.
You are more poisoned.
The adder poisons you!
You hit the adder.
The adder is severely wounded.
You feel sick. The adder bites you.
You are too injured to fight recklessly!
You are too injured to fight recklessly!
You are too injured to fight recklessly!
You are too injured to fight recklessly!
You are too injured to fight recklessly!
You closely miss the adder. Your kick misses the adder.
The adder is severely wounded.
You feel sick. The adder bites you.
You barely miss the adder. Your kick misses the adder.
Your headbutt misses the adder. Your punch misses the adder.
The adder is severely wounded.
You feel sick. The adder closely misses you.
You hit the adder. Your kick misses the adder.
The adder is almost dead.
You feel sick. The adder bites you.
* * * LOW HITPOINT WARNING * * *
You are more poisoned.
The adder poisons you! The adder bites you.
* * * LOW HITPOINT WARNING * * *
You closely miss the adder. Your headbutt misses the adder.
The adder is almost dead.
You feel sick. The adder closely misses you.
You miss the adder. Your kick misses the adder.
The adder is almost dead.
Your horns disappear.
Your talons disappear.
You feel sick. The adder bites you.
* * * LOW HITPOINT WARNING * * *
You hit the adder but do no damage. Your punch misses the adder.
The adder is severely wounded.
You feel sick. The adder barely misses you.
You hit the adder.
The adder is almost dead.
You feel sick. The adder closely misses you. The adder bites you.
* * * LOW HITPOINT WARNING * * *
You miss the adder.
The adder is almost dead.
* * * LOW HITPOINT WARNING * * *
You feel sick. The adder closely misses you.
You barely miss the adder.
The adder is almost dead.
* * * LOW HITPOINT WARNING * * *
You feel sick. The adder bites you.
You die...

# #..##.#
#..##..##.#
#..##..##.#
#.........###
####.##..##...#
..............#
..#####.....##...#
............##S.##
####<...###@.#
##.#.# #..# #.#.#
#..# #†#.# #..#
#.#.# #....# #...#
#...$..# #..##
####.#.# #..# .# #
#..# .#


You could see an adder.

Vanquished Creatures
  A dart slug (D:1)
  7 ball pythons (D:1)
  5 bats (D:1)
  6 endoplasms (D:1)
  A giant cockroach (D:1)
  A goblin (D:1)
  5 hobgoblins
  A quokka (D:1)
  A frilled lizard (D:1)
  2 kobolds (D:1)
  3 rats (D:1)
33 creatures vanquished.

Notes
Turn   | Place    | Note
-------+----------+-------------------------------------------
     0 | D:1      | sleeves the Demonspawn Transmuter began the quest for the
                  | Orb.
     0 | D:1      | Reached XP level 1. HP: 15/15 MP: 3/3
   142 | D:1      | Reached skill level 3 in Unarmed Combat
   300 | D:1      | Gained mutation: You sometimes gain a little power by
                  | taking damage. [demonic ancestry]
   300 | D:1      | Reached XP level 2. HP: 16/21 MP: 5/5
   480 | D:1      | Found a faded altar of an unknown god.
   618 | D:1      | Reached XP level 3. HP: 26/26 MP: 6/6
   704 | D:1      | Reached skill level 4 in Unarmed Combat
   992 | D:2      | HP: 13/26 [poisoned by an adder]
   994 | D:2      | HP: 6/26 [adder (1)]
   997 | D:2      | HP: 2/26 [poisoned by an adder]
   998 | D:2      | Slain by an adder

Illustrated notes

Levels and vault maps discovered:
D:1:      minmay_arrival_radiant_lines, layout_basic,
          hellmonk_ecumenical_altar_arch_garden
D:2:      layout_loops_ring, uniq_jessica

Skill      XL: |  1  2  3 |
---------------+----------+-----
Unarmed Combat | 3 4 |  4.0
Fighting       | |  1.0
Dodging        | |  1.7
Spellcasting   | |  2.0
Transmutations | |  1.7

Action                   || total
-------------------------++-------
Melee: Unarmed           ||    92
       Kick              ||    19
       Headbutt          ||     5
       Punch             ||     1
 Cast: Beastly Appendage ||    20
Armor: Robe              ||    12
Dodge: Dodged            ||    63

Table legend: (Time is in decaauts)
 A = Elapsed time spent in this place.
 B = Non-inter-level travel time spent in this place.
 C = Inter-level travel time spent in this place.
 D = Time resting spent in this place.
 E = Time spent auto-exploring this place.
 F = Levels seen in this place.
 G = Mean time per level.
                   A        B        C        D        E       F      G
               +--------+--------+--------+--------+--------+-----+--------+
         Total |    991 |    956 |     35 |      0 |    741 |   2 |  495.5 |
       Dungeon |    991 |    956 |     35 |      0 |    741 |   2 |  495.5 |
               +--------+--------+--------+--------+--------+-----+--------+

Top non-repeatable levels by time:
     D:1: 942 daAuts
     D:2: 48 daAuts
